 Dungeon Crawl Stone Soup version 0.28-a0-1485-g077359a4bf (webtiles) character file.

Game seed: 12028215622642178190

986 funkygono the Slasher (level 8, -1/61 HPs)
             Began as a Human Cinder Acolyte on Jan 11, 2022.
             Was a Believer of Ignis.
             Succumbed to a scorpion's poison
             ... on level 5 of the Dungeon.
             The game lasted 00:09:07 (5089 turns).

funkygono the Slasher (Human Cinder Acolyte)        Turns: 5089, Time: 00:09:08

Health: -1/61      AC: 10    Str: 16    XL:     8   Next: 41%
Magic:  11/11      EV: 11    Int: 18    God:    Ignis [**....]
Gold:   278        SH:  0    Dex:  8    Spells: 9/11 levels left

rFire   + + .      SeeInvis .   t - +0 long sword
rCold   . . .      Faith    .   (no shield)
rNeg    . . .      Spirit   .   r - +0 ring mail
rPois   .          Reflect  .   s - +0 helmet
rElec   .          Harm     .   (no cloak)
rCorr   .          Rampage  .   (no gloves)
Will    .....                   (no boots)
Stlth   ..........              (no amulet)
HPRegen 0.20/turn               l - ring of protection from fire
MPRegen 0.12/turn               d - ring of Wusafiwn {AC+4 Int+2}

@: lethally poisoned (-1 -> -10)
A: no striking features
a: Renounce Religion, Fiery Armour, Foxfire Swarm, Rising Flame


You were on level 5 of the Dungeon.
You worshipped Ignis.
Ignis was pleased with you.
You visited 1 branch of the dungeon, and saw 5 of its levels.

You collected 278 gold pieces.

Inventory:

Hand Weapons
 a - a -1 falchion of flaming
 t - a +0 long sword (weapon)
Armour
 b - a +0 robe
 e - a +0 leather armour
 k - an orb of guile
 r - a +0 ring mail (worn)
 s - a +0 helmet (worn)
Jewellery
 d - the ring of Wusafiwn (right hand) {AC+4 Int+2}
   (You acquired it on level 3 of the Dungeon)

   [ring of protection]

   AC:        It affects your AC (+4).
   Int:       It affects your intelligence (+2).
 l - a ring of protection from fire (left hand)
 p - a ring of ice
 x - a ring of resist corrosion
Wands
 v - a wand of iceblast (10)
Scrolls
 c - a scroll of teleportation
 f - a scroll of holy word
 h - 2 scrolls of identify
 i - a scroll of vulnerability
Potions
 g - a potion of flight
 j - 3 potions of lignification
 m - 2 potions of haste
 n - 3 potions of curing
 o - a potion of brilliance {unknown}
 q - a potion of cancellation {unknown}
 u - a potion of attraction {unknown}
 w - a potion of magic {unknown}


   Skills:
 + Level 4.8 Fighting
 + Level 6.3 Long Blades
 + Level 3.0 Armour
 + Level 2.8 Dodging
 + Level 2.4 Spellcasting
 + Level 4.2 Fire Magic


You had 9 spell levels left.
You knew the following spells:

 Your Spells              Type           Power      Damage    Failure   Level
a - Scorch                Fire           34%        2d7       9%          2

Your spell library contained the following spells:

 Spells                   Type           Power      Damage    Failure   Level


Dungeon Overview and Level Annotations

Branches:
Dungeon (5/15)
 Temple: D:4-7

Altars:
Kikubaaqudgha
Nemelex Xobeh
Ru

Shops:
D:1 :::(

Annotations:
D:5 5 runed translucent doors


Message History

The scorpion is heavily wounded.
You feel very sick. The scorpion stings you.
You are more poisoned.
The scorpion poisons you! The scorpion barely misses you.
You closely miss the scorpion.
The scorpion is heavily wounded.
You feel very sick. The scorpion stings you.
You are more poisoned.
The scorpion poisons you!
You hit the scorpion.
The scorpion is heavily wounded.
You feel very sick. The scorpion barely misses you.
You barely miss the scorpion.
The scorpion is heavily wounded.
You feel very sick. The scorpion stings you.
The scorpion stings you but does no damage.
You slash the scorpion!
The scorpion is almost dead.
You feel very sick. The scorpion stings you.
* * * LOW HITPOINT WARNING * * *
You are lethally poisoned!
The scorpion poisons you!
You slash the scorpion!
You kill the scorpion!
* * * LOW HITPOINT WARNING * * *
You feel very sick.
Your Armour skill increases to level 3!
* * * LOW HITPOINT WARNING * * *
You feel very sick.
You see here a scorpion corpse.
* * * LOW HITPOINT WARNING * * *
You feel very sick.
* * * LOW HITPOINT WARNING * * *
You feel very sick.
You die...

... y#!$+....# #.# ### .y
.###+###.# #.# ..##
yy##.....#.### #.#
....##y#.....##...######.#
.....# +Ss...#........##
.....##SSSS##..........
.....######...........
#..................
##..@............##
#.†.............#
#...............#
#...............#
#........(.....##
#..............#
#.........####...#
#.#######.# .. #. .#


You could see 2 water moccasins, 3 killer bees and an adder.

Vanquished Creatures
  Sigmund (D:4)
  Eustachio (D:4)
  2 black bears
  A necrophage (D:4)
  A phantom (D:4)
  A scorpion (D:5)
  A hound (D:5)
  An orc priest (D:5)
  Jessica (D:3)
  2 orc wizards (D:5)
  Robin (D:4)
  A howler monkey skeleton (D:4)
  5 adders
  A shadow imp (D:4)
  An adder skeleton (D:2)
  2 worms
  A dart slug (D:1)
  5 orcs (D:5)
  6 ball pythons
  8 endoplasms
  3 giant cockroaches
  12 goblins
  6 hobgoblins
  4 kobolds
  2 quokkas
  2 bats (D:2)
  2 frilled lizards
  A rat (D:1)
75 creatures vanquished.

Vanquished Creatures (others)
  An orc (D:5)
  3 plants (D:2)
4 creatures vanquished.

Grand Total: 79 creatures vanquished

Notes
Turn   | Place    | Note
-------+----------+-------------------------------------------
     0 | D:1      | funkygono the Human Cinder Acolyte began the quest for the
                  | Orb.
     0 | D:1      | Reached XP level 1. HP: 18/18 MP: 2/2
   110 | D:1      | Found Opty's Book Shop.
   135 | D:1      | Found Kuowk's Book Emporium.
   138 | D:1      | Reached XP level 2. HP: 19/24 MP: 3/3
   390 | D:1      | Found Rucafaonwin's Weapon Emporium.
   560 | D:1      | Reached XP level 3. HP: 29/29 MP: 4/4
   832 | D:1      | Found Conos's Book Shoppe.
  1517 | D:2      | Found a faded altar of an unknown god.
  2086 | D:3      | Learned a level 2 spell: Scorch
  2393 | D:3      | Noticed Jessica
  2406 | D:3      | HP: 1/30 [Jessica/nerve-wracking pain (9)]
  2407 | D:3      | Killed Jessica
  2408 | D:3      | Reached XP level 4. HP: 1/37 MP: 0/5
  2826 | D:3      | Found an ancient bone altar of Kikubaaqudgha.
  2826 | D:3      | Found a sacrificial altar of Ru.
  2826 | D:3      | Found a sparkling altar of Nemelex Xobeh.
  3149 | D:3      | Identified a scroll of acquirement
  3153 | D:3      | Acquired the ring of Wusafiwn {AC+4 Int+2}
  3286 | D:4      | Noticed Sigmund
  3310 | D:4      | Killed Sigmund
  3311 | D:4      | Reached skill level 4 in Long Blades
  3311 | D:4      | Reached skill level 1 in Dodging
  3311 | D:4      | Reached XP level 5. HP: 39/42 MP: 1/7
  3311 | D:4      | Reached XP level 6. HP: 45/48 MP: 1/8
  3494 | D:4      | Noticed a black bear
  3495 | D:4      | Noticed a necrophage
  3505 | D:4      | Killed a black bear
  3506 | D:4      | Reached skill level 1 in Armour
  3511 | D:4      | Killed a necrophage
  3512 | D:4      | Reached skill level 5 in Long Blades
  3512 | D:4      | Reached XP level 7. HP: 43/55 MP: 8/10
  3617 | D:4      | Noticed Eustachio
  3632 | D:4      | Killed Eustachio
  4331 | D:4      | Noticed Robin
  4348 | D:4      | Killed Robin
  4589 | D:5      | Entered Level 5 of the Dungeon
  4604 | D:5      | Reached XP level 8. HP: 61/61 MP: 11/11
  4698 | D:5      | Reached skill level 6 in Long Blades
  4860 | D:5      | Found a runed translucent door.
  4860 | D:5      | Found a runed translucent gate.
  4860 | D:5      | Found a runed translucent gate.
  5016 | D:5      | Found a runed translucent gate.
  5026 | D:5      | Found a runed translucent door.
  5088 | D:5      | HP: 1/61 [poisoned by a scorpion]
  5089 | D:5      | Succumbed to a scorpion's poison

Illustrated notes

Levels and vault maps discovered:
D:1:      dpeg_arrival_renting, layout_basic, serial_shops,
          nicolae_shop_competitors_out_of_business,
          nicolae_shop_bloodbath_and_beyond, nicolae_lakefront_shop, shop
D:2:      layout_loops_corners, shapermc_ecumenical_altar_petra,
          chequers_serial_rivers_micro_d, serial_bayou_pond_b
D:3:      layout_basic, gammafunk_temple_overflow_claw,
          nicolae_figureground_sparkle, uniq_jessica
D:4:      layout_basic, serial_park_tiny_1, kennysheep_big_empty_room,
          uniq_eustachio, uniq_sigmund, uniq_robin
D:5:      layout_basic, pdpol_temple_overflow_zin_treasury_gozag_greed,
          grunt_ministairs_1, minmay_guarded_unrand_staff_of_olgreb,
          uniq_crazy_yiuf_cottage

Skill      XL: |  1  2  3  4  5  6  7  8 |
---------------+-------------------------+-----
Fighting       | 4 |  4.8
Long Blades    | 4 5 6 |  6.3
Dodging        | 1 2 |  2.8
Armour         | 1 2 3 |  3.0
Spellcasting   | 2 |  2.4
Fire Magic     | 4 |  4.2

Action                   |  1- 3 |  4- 6 |  7- 9 || total
-------------------------+-------+-------+-------++-------
Melee: Falchion          |    77 |     8 |       ||    85
       Long sword        |       |    21 |   145 ||   166
       Punch             |       |     1 |     2 ||     3
 Cast: Scorch            |     3 |     3 |       ||     6
Invok: Fiery Armour      |     5 |     3 |     2 ||    10
  Use: Scroll            |       |     8 |     1 ||     9
Armor: Robe              |    31 |       |       ||    31
       Ring mail         |       |    16 |    83 ||    99
Dodge: Dodged            |    44 |    20 |    85 ||   149

Table legend: (Time is in decaauts)
 A = Elapsed time spent in this place.
 B = Non-inter-level travel time spent in this place.
 C = Inter-level travel time spent in this place.
 D = Time resting spent in this place.
 E = Time spent auto-exploring this place.
 F = Levels seen in this place.
 G = Mean time per level.
                   A        B        C        D        E       F      G
               +--------+--------+--------+--------+--------+-----+--------+
         Total |   5124 |   4965 |    159 |    339 |   3836 |   5 | 1024.8 |
       Dungeon |   5124 |   4965 |    159 |    339 |   3836 |   5 | 1024.8 |
               +--------+--------+--------+--------+--------+-----+--------+

Top non-repeatable levels by time:
     D:4: 1378 daAuts
     D:3: 1143 daAuts
     D:2: 1128 daAuts
     D:1: 965 daAuts
     D:5: 508 daAuts
